 Dungeon Crawl Stone Soup version 0.32-a0-799-g95e1662365 (webtiles) character file.

Game seed: 4923887501693146641

906 Griffin23 the Slasher (level 7, -2/63 HPs)
             Began as a Minotaur Fighter on Mar 21, 2024.
             Killed from afar by an electric eel (9 damage)
             ... with a bolt of electricity
             ... on level 5 of the Dungeon.
             The game lasted 00:08:15 (3998 turns).

Griffin23 the Slasher (Minotaur Fighter)            Turns: 3998, Time: 00:08:20

Health: -2/63      AC: 17    Str: 34    XL:     7   Next: 81%
Magic:  6/6        EV:  7    Int:  8    God:
Gold:   162        SH:  5    Dex: 10    Spells: 6/6 levels left

rFire   . . .        a - +0 long sword
rCold   . . .        c - +0 buckler
rNeg    . . .        k - +3 plate armour of Liberalism {^Drain Str+6 Int+3}
rPois   .            (helmet restricted)
rElec   .            u - scarf {harm}
rCorr   .            g - +0 pair of gloves
SInv    .            (no boots)
Will    .....        (no amulet) Stlth
                     m - +6 ring of strength
HPRegen 0.30/turn    (no ring)
MPRegen 0.10/turn

%: harm (+30% outgoing, +20% incoming)
@: no status effects
A: horns 2, retaliatory headbutt
a: no special abilities


You were on level 5 of the Dungeon.
You visited 1 branch of the dungeon, and saw 5 of its levels.

You collected 162 gold pieces.

Inventory:

Hand Weapons
 a - a +0 long sword (weapon)
Armour
 b - a +0 scale mail
 c - a +0 buckler (worn)
 g - a +0 pair of gloves (worn)
 k - the +3 plate armour of Liberalism (worn) {^Drain Str+6 Int+3}
   (You found it on level 3 of the Dungeon)

   Str+6:     It affects your strength (+6).
   Int+3:     It affects your intelligence (+3).
   ^Drain:    It drains your maximum health when unequipped.
 u - a scarf of harm (worn)
Jewellery
 m - a +6 ring of strength (left hand)
 w - an amulet of faith
 x - a +5 ring of evasion
Scrolls
 e - 3 scrolls of teleportation
 h - a scroll of silence {unknown}
 j - a scroll of poison {unknown}
 n - a scroll of blinking {unknown}
 o - a scroll of fog {unknown}
 p - a scroll of fear {unknown}
 q - 2 scrolls of enchant armour {unknown}
 r - 2 scrolls of identify
 s - a scroll of immolation {unknown}
Potions
 d - a potion of attraction {unknown}
 f - a potion of brilliance
 i - a potion of resistance
 l - 2 potions of berserk rage {unknown}
 t - a potion of lignification {unknown}
 v - a potion of heal wounds {unknown}


   Skills:
 + Level 6.0 Fighting
 * Level 7.1 Long Blades
 + Level 6.0 Armour
 + Level 6.0 Shields


You had 6 spell levels left.
You didn't know any spells.
Your spell library contained the following spells:

 Spells                   Type           Power      Damage    Failure   Level
 Slow                     Hex            0%         N/A       98%         1
 Ensorcelled Hibernation  Hex/Ice        0%         N/A       99%         2
 Confusing Touch          Hex            0%         N/A       100%        3
 Fugue of the Fallen      Necr           0%         N/A       100%        3
 Vampiric Draining        Necr           0%         2d6       100%        3
 Anguish                  Hex/Necr       0%         N/A       100%        4


Dungeon Overview and Level Annotations

Branches:
Dungeon (5/15)
 Temple: D:4-7

Altars:
Ashenzari
Okawaru

Shops:
D:3 !

Annotations:
D:3 1 runed translucent door


Innate Abilities, Weirdness & Mutations

You have a pair of horns on your head.
You reflexively headbutt those who attack you in melee.


Message History

No target in view!
You open the door.
There is an open door here.
The electric eel shoots out a bolt of lightning at you!
The bolt of electricity hits the plant!
The plant begins to die.
The bolt of electricity hits you.
The electric eel shoots out a bolt of lightning at you!
The bolt of electricity hits the plant.
The plant begins to die.
The bolt of electricity misses you.
The electric eel shoots out a bolt of lightning at you!
The bolt of electricity hits the plant!
The bolt of electricity hits you!
The electric eel shoots out a bolt of lightning at you!
The bolt of electricity hits the plant!
The bolt of electricity misses you.
You start removing your armour.
You continue removing your scarf of harm.
The electric eel shoots out a bolt of lightning at you!
The bolt of electricity hits the plant!
The bolt of electricity hits you!
The electric eel shoots out a bolt of lightning at you!
The bolt of electricity hits the plant!
The bolt of electricity hits you!
The electric eel shoots out a bolt of lightning at you!
The bolt of electricity hits the plant!
The bolt of electricity hits you!
* * * LOW HITPOINT WARNING * * *
You continue removing your scarf of harm.
The electric eel shoots out a bolt of lightning at you!
The bolt of electricity hits the plant!
The bolt of electricity hits you.
* * * LOW HITPOINT WARNING * * *
The electric eel shoots out a bolt of lightning at you!
The bolt of electricity hits the plant!
The bolt of electricity hits you.
* * * LOW HITPOINT WARNING * * *
You continue removing your scarf of harm.
A nearby plant withers and dies.
You continue removing your scarf of harm.
A nearby plant withers and dies.
The electric eel shoots out a bolt of lightning at you!
The bolt of electricity hits the electric eel.
The electric eel completely resists.
The bolt of electricity hits you.
* * * LOW HITPOINT WARNING * * *
The electric eel shoots out a bolt of lightning at you!
The bolt of electricity hits you!
You die...

#.......#### ######..# #
#..#### ###...... #######
#........ ##~~~..### ###..###.
##~####.~~######..#...
#.##..'##~~~..##..#...
#.#..@..#####..#......
#.#.....# ##.##.## #~#P...~#
#....... #~#.~PS÷#.....#.)##.##
#~#?[S.~#PP..~#..)....
#~#≈≈(S≈#÷~P..#.###### .....
.#~##≈≈≈##~!)~[#.######
..#.##...##.######≈≈$≈≈#)....##
#.
.........##...)~##SSS##.....#


You could see 3 electric eels.

Vanquished Creatures
  A yak (D:5)
  Duvessa (D:5)
  An ice beast (D:5)
  3 scorpions
  Dowan (D:5)
  A bombardier beetle (D:4)
  2 hounds (D:4)
  2 jellies (D:5)
  An iguana (D:4)
  4 gnolls (D:5)
  2 adders
  3 ribbon worms
  4 dart slugs
  18 orcs
  6 ball pythons
  6 endoplasms
  2 giant cockroaches
  7 goblins
  5 hobgoblins
  5 jackals (D:3)
  A quokka (D:1)
  8 bats
  A frilled lizard (D:2)
  5 kobolds
  4 rats
94 creatures vanquished.

Notes
Turn   | Place    | Note
-------+----------+-------------------------------------------
     0 | D:1      | Griffin23 the Minotaur Fighter began the quest for the Orb.
     0 | D:1      | Reached XP level 1. HP: 19/19 MP: 0/0
   366 | D:1      | Reached XP level 2. HP: 27/27 MP: 1/1
  1012 | D:2      | Found a faded altar of an unknown god.
  1129 | D:2      | Reached skill level 3 in Long Blades
  1189 | D:2      | Reached XP level 3. HP: 33/33 MP: 2/2
  1939 | D:3      | Identified the +3 plate armour of Liberalism {^Drain Str+6
                  | Int+3}
  2103 | D:3      | Found Selac's Distillery.
  2179 | D:3      | Reached XP level 4. HP: 30/40 MP: 3/3
  2221 | D:3      | Found an iron altar of Okawaru.
  2223 | D:3      | Found a runed translucent door.
  2226 | D:3      | Noticed an ogre
  2226 | D:3      | Noticed a centaur
  2226 | D:3      | Noticed a gnoll sergeant
  2227 | D:3      | Found the +0 toga "Victory" {*Victory Clar}
  2594 | D:4      | Reached skill level 4 in Long Blades
  2604 | D:4      | Reached XP level 5. HP: 25/47 MP: 4/4
  2762 | D:4      | Found a broken altar of Ashenzari.
  2883 | D:4      | Reached skill level 5 in Long Blades
  2916 | D:4      | Reached XP level 6. HP: 52/55 MP: 5/5
  3129 | D:4      | Reached skill level 5 in Fighting
  3129 | D:4      | Reached skill level 5 in Armour
  3129 | D:4      | Reached skill level 5 in Shields
  3499 | D:5      | Entered Level 5 of the Dungeon
  3499 | D:5      | Noticed Duvessa
  3503 | D:5      | Noticed Dowan
  3506 | D:5      | Killed Duvessa
  3514 | D:5      | Killed Dowan
  3571 | D:5      | Reached skill level 6 in Long Blades
  3571 | D:5      | Reached XP level 7. HP: 61/61 MP: 6/6
  3979 | D:5      | Noticed a yak
  3987 | D:5      | Killed a yak
  3988 | D:5      | Reached skill level 7 in Long Blades
  3998 | D:5      | Killed from afar by an electric eel

Illustrated notes

Levels and vault maps discovered:
D:1:      matt_arrival_refuge, layout_basic
D:2:      layout_basic, ebering_ecumenical_altar_rust
D:3:      layout_basic, nicolae_overflow_guarded_unrand_okawaru_victory,
          serial_shops, shop
D:4:      nicolae_cairo_tiling, layout_loops_ring, nicolae_ashenzari_skybound
D:5:      cheibrodos_two_vegetables, layout_basic, uniq_duvessa

Skill      XL: |  1  2  3  4  5  6  7 |
---------------+----------------------+-----
Fighting       | 4 5 6 |  6.0
Armour         | 4 5 6 |  6.0
Shields        | 4 5 6 |  6.0
Long Blades    | 3 4 5 6 7 |  7.1

Action                     |  1- 3 |  4- 6 |  7- 9 || total
---------------------------+-------+-------+-------++-------
  Melee: Long sword        |   114 |   103 |    38 ||   255
         Headbutt          |    16 |    15 |     8 ||    39
    Use: Scroll            |       |     3 |       ||     3
         Potion            |       |     1 |       ||     1
 Armour: Scale mail        |    81 |       |       ||    81
         Plate armour      |    29 |    84 |    26 ||   139
  Dodge: Dodged            |    58 |    22 |    19 ||    99
  Block: Buckler           |    30 |    24 |     8 ||    62

Table legend: (Time is in decaauts)
 A = Elapsed time spent in this place.
 B = Non-inter-level travel time spent in this place.
 C = Inter-level travel time spent in this place.
 D = Time resting spent in this place.
 E = Time spent auto-exploring this place.
 F = Levels seen in this place.
 G = Mean time per level.
                   A        B        C        D        E       F      G
               +--------+--------+--------+--------+--------+-----+--------+
         Total |   4060 |   3766 |    294 |     92 |   3002 |   5 |  812.0 |
       Dungeon |   4060 |   3766 |    294 |     92 |   3002 |   5 |  812.0 |
               +--------+--------+--------+--------+--------+-----+--------+

Top non-repeatable levels by time:
     D:2: 985 daAuts
     D:4: 926 daAuts
     D:1: 819 daAuts
     D:3: 814 daAuts
     D:5: 514 daAuts
